[Event "EU-ch 17th"]
[Site "Gjakova"]
[Date "2016.05.13"]
[Round "2"]
[White "Wojtaszek, Radoslaw"]
[Black "Saric, Ante"]
[Result "1-0"]
[ECO "D31"]
[WhiteElo "2722"]
[BlackElo "2594"]
[Annotator "Baldauf,M"]
[PlyCount "71"]
[EventDate "2016.05.12"]
[EventType "swiss"]
[EventRounds "11"]
[EventCountry "KOS"]
[SourceTitle "CBM 173"]
[Source "ChessBase"]
[SourceDate "2016.07.12"]
[SourceVersion "1"]
[SourceVersionDate "2016.07.12"]
[SourceQuality "1"]
[TimeControl "6000+1555"]
[WhiteClock "0:10:55"]
[BlackClock "0:00:37"]

1. c4 e6 2. Nc3 d5 3. d4 Be7 4. cxd5 exd5 5. Bf4 c6 6. Qc2 Nf6 7. h3 Qa5 8. Bd2
O-O 9. e3 Qd8 10. Bd3 b6 11. Nf3 c5 12. dxc5 bxc5 13. b3 Nc6 14. Na4 Nb4 15.
Bxb4 cxb4 16. Nd4 Bd7 17. Bb5 Rc8 18. Qd3 Ne4 19. O-O Nc3 20. Nxc3 Rxc3 21. Qe2
Bf6 22. Rad1 Qe7 23. Bxd7 Qxd7 24. Qa6 Rfc8 25. Rd2 Rc1 26. Rfd1 {Saric hat
gegen seinen deutlich favorisierten Gegner bisher sehr gut mitgehalten. Die
aktiven schwarzen Figuren kompensieren die bessere weiße Struktur, die
potentiellen Schwächen d5,b4 und a7 sind gut überdeckt.} h5 $6 {Diagramm [#]
Diese logisch anmutende Zug wird im Laufe eine weitere Schwäche, der schwarze
König wird geschwächt.} (26... h6 {ist etwas bescheidener, doch weniger
riskant.} 27. Qf1 Rxd1 28. Qxd1 Rc5 29. Ne2 Qc6 $1 30. Kh2 Be5+ $11) 27. Qf1
R1c5 (27... Rxd1 28. Qxd1 {der Bauernvorstoß h5 kostet hier ein wichtiges
Tempo} g6 29. Ne2 Rc5 30. e4 $1 d4 31. f4 $14) 28. Qe2 g6 29. Qf3 Kg7 {Saric
hat so den weißen Springer ersteinmal das Feld f5 genommen, doch dieser wird
nun nach f4 umgruppiert} 30. Ne2 $1 Rc2 $6 {bricht die Brücken bereits ab} (
30... Rd8 {mit passiven Zügen war die unangenehme Stellung schon nicht mehr
im Gleichgewicht zu halten} 31. Nf4 d4 32. Ne2 Rf5 33. Qe4 Rg5 $1 34. Kh1 Qd5
35. Qxd5 Rgxd5 36. Nxd4 Bxd4 37. exd4 $14) 31. Rxd5 Qb7 32. Nf4 {nun erweist
sich der schwarze König als äußerst gefährdet} R8c7 {Diagramm [#]} 33.
Nxh5+ $1 gxh5 34. Qg3+ Kh6 35. Rd6 R2c6 36. Qf4+ 1-0

[Event "FRA-chT Top 12"]
[Site "Brest"]
[Date "2019.05.27"]
[Round "10.3"]
[White "Naiditsch, Arkadij"]
[Black "Cornette, Matthieu"]
[Result "1-0"]
[ECO "D31"]
[WhiteElo "2682"]
[BlackElo "2553"]
[Annotator "Dhananjay Khadilkar"]
[PlyCount "53"]
[EventDate "2019.05.18"]
[EventType "team-tourn"]
[EventRounds "11"]
[EventCountry "FRA"]
[SourceTitle "CBM 190 Extra"]
[Source "ChessBase"]
[SourceDate "2019.07.15"]
[SourceVersion "1"]
[SourceVersionDate "2019.07.15"]
[SourceQuality "1"]
[WhiteTeam "Bischwiller"]
[BlackTeam "Asnieres"]
[WhiteTeamCountry "FRA"]
[BlackTeamCountry "FRA"]
[TimeControl "40/5400+30:1800+30"]

1. c4 e6 2. Nc3 d5 3. d4 a6 4. cxd5 exd5 5. Bf4 (5. Nf3 h6 6. Bf4 Nf6 7. e3 Bd6
8. Bxd6 Qxd6 9. Qc2 O-O 10. Bd3 Re8 11. h3 Be6 12. O-O Nbd7 13. a4 Rac8 14.
Rfc1 c5 15. dxc5 Nxc5 16. Nd4 Bd7 17. Qd1 Rc7 18. Bc2 Rec8 19. Nde2 Ne6 20. Bb3
Bc6 21. Nd4 Qb4 22. Nce2 Bd7 23. Rxc7 Rxc7 24. Qe1 Qxe1+ 25. Rxe1 Nc5 26. Rc1
a5 27. Bc2 Kf8 28. b3 Na6 29. f3 Nb4 30. Kf2 Ne8 31. Ke1 Nd6 32. Bb1 Rxc1+ 33.
Nxc1 Ke7 34. Bd3 Kf6 {Shankland,S (2725)-Carlsen,M (2835) Wijk aan Zee 2019 1/
2-1/2}) 5... Nf6 6. e3 Bd6 7. Bg5 Be6 8. Bd3 Nbd7 9. f4 h6 10. Bh4 g5 11. Bg3 Bg4 12. Nf3 $146 (12. Nge2 Qe7 13. Qd2 Nb6 14. O-O O-O-O 15. Rae1 Kb8 16. Nc1 Nh5 17. Qf2
Nxg3 18. Qxg3 Bd7 19. Nb3 Rhg8 20. Qf2 gxf4 21. exf4 Qf6 22. a4 Bh3 23. g3 c6
24. Kh1 Bxf1 25. Qxf1 Ka7 26. a5 Nd7 27. Na4 Rde8 28. Rc1 Re3 29. Nb6 Nxb6 30.
axb6+ Kxb6 31. Qd1 Bb4 32. Qc2 Rge8 33. Kg2 Re1 34. Rxe1 Rxe1 35. Nd2 Bxd2 36.
Qxd2 Qe7 37. Qc3 a5 38. Qc2 Kc7 39. f5 Qe3 40. Qc3 b6 41. Qc2 Rc1 {Van der
Werf,M (2404)-Ris,R (2431) Netherlands 2019 0-1}) 12... Qe7 13. O-O O-O-O 14. Qd2 Bxf3 15. Rxf3 Nb6 16. fxg5 Ne4 (16... hxg5 {The position would be about
equal after 16...hxg5 17.♕f2 ♝xg3 18.♖xg3 ♜dg8, but Cornette opted for
the more aggressive 16...♞e4 which left him worse after 17.♗xe4 dxe4 and
the Zwischenzug 18.♗xd6 ♜xd6 19.♖h3 winning a pawn. By the time the
h-pawn was ready to begin marching down the board on move 27, Cornette gave up.
}) 17. Bxe4 dxe4 18. Bxd6 Rxd6 19. Rh3 Rg6 20. Rxh6 Rhxh6 21. gxh6 Rxh6 22. Rf1 Nc4 23. Qf2 Nd6 24. Qf4 Rg6 25. Nd5 Qd8 26. Nf6 Qe7 27. h4 1-0

[Event "Paris FIDE GP"]
[Site "Elancourt"]
[Date "2013.09.22"]
[Round "1"]
[White "Nakamura, Hikaru"]
[Black "Tomashevsky, Evgeny"]
[Result "1/2-1/2"]
[ECO "D31"]
[WhiteElo "2772"]
[BlackElo "2706"]
[Annotator "Ramirez Alvarez,A"]
[PlyCount "59"]
[EventDate "2013.09.22"]
[EventType "tourn"]
[EventRounds "11"]
[EventCountry "FRA"]
[EventCategory "20"]
[SourceTitle "CBM 157"]
[Source "ChessBase"]
[SourceDate "2013.11.12"]
[SourceVersion "1"]
[SourceVersionDate "2013.11.12"]
[SourceQuality "1"]
[TimeControl "40/7200:20/3600:900+30"]
[WhiteClock "2:00:00"]
[BlackClock "2:00:00"]

1. d4 d5 2. c4 e6 3. Nc3 c6 4. e4 dxe4 5. Nxe4 Bb4+ 6. Bd2 Qxd4 7. Bxb4 Qxe4+ 8. Be2 Na6 9. Bc3 f6 10. Qd6 {[%emt 0:22:15] Despite the fact that tis is a very
sharp variation, there are still many lines that are almost completely
unxplored. This one specifically has never been see in high level chess} Nh6 $5
{[%emt 1:00:42] Tomashevsky must have foreseen the upcoming complications
before playing this move.} 11. Bxf6 $5 (11. O-O-O Nf7 {
[%cal Gf7d6] and white has no time for Bf6} 12. Qg3 $44) 11... gxf6 12. O-O-O (12. Rd1 $4 Nf7) 12... Qg6 (12... Nf7 13. Bh5 {[%csl Re8,Rf7][%cal Gh5e8] and Black gets promptly mated,
so he cannot do this.}) (12... Rg8 13. Bh5+ Rg6 14. Qd8+ Kf7 15. Qh8 {Gives
White a decisive attack. This last move is key in the variation}) 13. Qd8+ Kf7 14. Qxh8 {[%emt 0:00:06] White now has
more material, but it is also he that comes under a swift attack.} Nb4 15. Bh5 {[%emt 0:00:10] The only move to stop the
threat of Qc2 mate} Nxa2+ 16. Kd2 Qxh5 17. Qxh7+ Kf8 18. Qh8+ Kf7 19. Qh7+ Kf8 20. Nf3 {[%emt 0:46:07] White again is down material and his king is on
d2, but he senses he has the opportunity to keep attacking as Black's king is
still weak and Black's pieces are very discoordinated.} e5 21.
Ke1 (21. h3 $5 {This is an absolutely amazing computer move,
though the point is simple. g4 is threatened and Black must react appropiately.
e4 only move} e4 $8 22. Kc2 $1 {The king ends up being better going back to
the kingside, despite e1 being visually a safer position} Be6 $1 (22... Nb4+
23. Kb3 Be6 24. Nd4 $1 Bf7 25. Qh8+ Ng8 26. Qxh5 Bxh5 27. Kxb4 Bxd1 28. Rxd1 {
[%csl Ra8,Gd1,Rg8,Gh3][%cal Gh3h8] and the endgame heavily favors White as his
pieces are much more active and he has a passed pawn on the kingside}) 23. g4
Nb4+ 24. Kc1 Qa5 (24... Qc5 $13 {is probably even better.}) 25. Qxh6+ Ke7 $13 {
And White is again up an exchange, but Black isn't out of the game yet and
anything can happen.}) 21... Bg4 22. h3 e4 23. Nd4 (23. Qh8+ Ng8 24. hxg4 Qxh8 25. Rxh8
exf3 {is not better for White.}) 23... Re8 24. Qh8+ Kf7 25. Qh7+ Kf8 26.
Ra1 $6 e3 (26... Nb4 $5 {would have put
Nakamura's last move to question. Suddenly Black doesn't want to agree to a
perpetual and wants to use his extra material.}) 27. Qh8+ Kf7 28. Qh7+ Kf8 29. Qh8+ Kf7 30. Qh7+ {[%emt 0:00:02] not a perfect
game, but a very exciting one with possibilities for both sides. A great start
to the Paris Grand Prix!} 1/2-1/2